 Dungeon Crawl Stone Soup version 0.29-a0-96-g93358da72b (webtiles) character file.

Game seed: 7671129395068114384

21 siradein the Skirmisher (level 2, -2/26 HPs)
             Began as a Draconian Fighter on Feb 10, 2022.
             Killed by nerve-wracking pain
             ... invoked by Jessica
              (12 damage)
             ... on level 1 of the Dungeon.
             The game lasted 00:01:54 (1039 turns).

siradein the Skirmisher (Draconian Fighter)         Turns: 1039, Time: 00:01:56

Health: -2/26      AC:  4    Str: 18    XL:     2   Next: 65%
Magic:  2/2        EV: 12    Int:  8    God:
Gold:   66         SH:  4    Dex: 10    Spells: 1/1 levels left

rFire   . . .      SeeInvis .   a - +0 long sword
rCold   . . .      Faith    .   b - +0 buckler
rNeg    . . .      Spirit   .   (armour unavailable)
rPois   .          Reflect  .   (helmet restricted)
rElec   .          Harm     .   (no cloak)
rCorr   .          Rampage  .   (no gloves)
Will    .....                   (no boots)
Stlth   +.........              (no amulet)
HPRegen 0.08/turn               (no ring)
MPRegen 0.08/turn               (no ring)

@: no status effects
A: AC +4, unfitting armour, cold-blooded
a: no special abilities


You were on level 1 of the Dungeon.
You visited 1 branch of the dungeon, and saw 2 of its levels.

You collected 66 gold pieces.

Inventory:

Hand Weapons
 a - a +0 long sword (weapon)
Armour
 b - a +0 buckler (worn)
Jewellery
 d - an amulet of reflection
 e - a ring of wizardry
Scrolls
 f - a scroll of amnesia {unknown}
 g - a scroll of identify {unknown}
Potions
 c - 2 potions of might


   Skills:
 + Level 3.6 Fighting
 + Level 2.3 Long Blades
 + Level 3.0 Dodging
 + Level 3.2 Shields


You had one spell level left.
You didn't know any spells.
Your spell library contained the following spells:

 Spells                   Type           Power      Damage    Failure   Level
 Apportation              Tloc           0%         N/A       50%         1
 Alistair's Intoxication  Tmut/Pois      0%         N/A       100%        5


Dungeon Overview and Level Annotations

Branches:
Dungeon (2/15)

Altars:

Annotations:
D:1 Jessica
D:2 Terence


Innate Abilities, Weirdness & Mutations

Your plain brown scales are hard. (AC +4)
You cannot fit into any form of body armour.
You are cold-blooded and may be slowed by cold attacks.


Message History

You hit Jessica.
Jessica is moderately wounded.
Jessica hits you with a +0 dagger.
You hit Jessica but do no damage.
Jessica is moderately wounded.
Jessica gestures at you while chanting.
You feel yourself slow down.
You barely miss Jessica.
Jessica is moderately wounded.
Jessica hits you with a +0 dagger. You block Jessica's attack.
You barely miss Jessica.
Your tail-slap misses Jessica.
Jessica is moderately wounded.
Jessica hits you with a +0 dagger. Jessica closely misses you.
You hit Jessica.
Your tail-slap misses Jessica.
Jessica is moderately wounded.
Jessica hits you but does no damage. Jessica hits you with a +0 dagger.
You are too injured to fight recklessly!
You are too injured to fight recklessly!
You are too injured to fight recklessly!
You hit Jessica.
Your tail-slap misses Jessica.
Jessica is heavily wounded.
Jessica closely misses you. You block Jessica's attack.
You hit Jessica but do no damage.
Your tail-slap misses Jessica.
Jessica is heavily wounded.
Jessica hits you but does no damage.
Jessica gestures wildly.
Jessica hits you but does no damage.
You closely miss Jessica.
Jessica is moderately wounded.
Jessica misses you. You block Jessica's attack.
You hit Jessica.
Jessica is almost dead.
You block Jessica's attack. Jessica hits you with a +0 dagger.
You hit Jessica.
You tail-slap Jessica, but do no damage.
Jessica is almost dead.
You feel yourself speed up.
Jessica points at you and mumbles some strange words.
Pain shoots through your body!
You die...

##.# #...........#
##..# #####.......#
...## #.......# ...#
#.......## #..#
####.#...# #..#
############.# ## ...#
#.....#...§§.# ######.
#..# #.###.#<...§##
#...... #..# #.#
#.#@....## ##.####.
#..#######.###.#@.....#
#...# ##
#..............######.#
##.##
##.#########.###.##.#.#
#.# #.#
#.(.....###.##.#.# #.#
#.# #.#######......#.#
#.# #.#
#.#######.###.#..# #.#
#.###.........# #.##.#
#.#
##.....#######.###.#.##
#.#


You could see Jessica.

Vanquished Creatures
  2 endoplasms (D:1)
  4 goblins (D:1)
  2 hobgoblins (D:1)
  A quokka (D:1)
  2 ball pythons (D:1)
  3 bats (D:1)
  2 frilled lizards (D:1)
  3 kobolds (D:1)
  2 rats (D:1)
21 creatures vanquished.

Notes
Turn   | Place    | Note
-------+----------+-------------------------------------------
     0 | D:1      | siradein the Draconian Fighter began the quest for the Orb.
     0 | D:1      | Reached XP level 1. HP: 19/19 MP: 1/1
   205 | D:1      | Reached XP level 2. HP: 26/26 MP: 2/2
  1026 | D:2      | Noticed Jessica
  1026 | D:2      | Noticed Terence
  1039 | D:1      | Killed from afar by Jessica

Illustrated notes

Levels and vault maps discovered:
D:1:      dpeg_arrival_fog, layout_loops_ring, minmay_split_cup_large
D:2:      layout_rooms, nicolae_ecumenical_snake_handling, basic_altar,
          uniq_jessica, uniq_sigmund, uniq_terence

Skill      XL: |  1  2 |
---------------+-------+-----
Dodging        | 3 |  3.0
Fighting       | |  3.6
Long Blades    | |  2.3
Shields        | |  3.2

Action                   || total
-------------------------++-------
Melee: Long sword        ||    77
       Tailslap          ||     6
Armor: Skin              ||    33
Dodge: Dodged            ||    57
Block: Buckler           ||    26

Table legend: (Time is in decaauts)
 A = Elapsed time spent in this place.
 B = Non-inter-level travel time spent in this place.
 C = Inter-level travel time spent in this place.
 D = Time resting spent in this place.
 E = Time spent auto-exploring this place.
 F = Levels seen in this place.
 G = Mean time per level.
                   A        B        C        D        E       F      G
               +--------+--------+--------+--------+--------+-----+--------+
         Total |   1068 |   1045 |     23 |      0 |    861 |   2 |  534.0 |
       Dungeon |   1068 |   1045 |     23 |      0 |    861 |   2 |  534.0 |
               +--------+--------+--------+--------+--------+-----+--------+

Top non-repeatable levels by time:
     D:1: 1065 daAuts
     D:2: 2 daAuts
